 Dungeon Crawl Stone Soup version 0.31-a0-344-gd109795599 (webtiles) character file.

Game seed: 13931054554279972609

2116 Pooter the Cleaver (level 9, -4/79 HPs)
             Began as a Minotaur Monk on July 22, 2023.
             Was a Believer of Okawaru.
             Slain by a boulder beetle (9 damage)
             ... on level 6 of the Dungeon.
             The game lasted 00:28:25 (5528 turns).

Pooter the Cleaver (Minotaur Monk)                  Turns: 5528, Time: 00:28:26

Health: -4/79      AC: 13    Str: 19    XL:     9   Next: 8%
Magic:  5/8        EV: 18    Int:  7    God:    Okawaru [**....]
Gold:   225        SH:  0    Dex: 12    Spells: 8/8 levels left

rFire   . . .        a - +1 war axe (freeze)
rCold   . . .        d - orb {light}
rNeg    . . .        m - +0 plate armour
rPois   +            (helmet restricted)
rElec   .            (no cloak)
rCorr   +            w - +0 pair of gloves of Haubeam {rPois Regen+ rCorr Str-2}
SInv    .            (no boots)
Will    .....        (no amulet) Stlth
                     I - +5 ring of evasion
HPRegen 1.13/turn    H - +5 ring of evasion
MPRegen 0.11/turn

%: no passive effects
@: heroic, glowing
A: horns 2, retaliatory headbutt
a: Renounce Religion, Heroism


You were on level 6 of the Dungeon.
You worshipped Okawaru.
Okawaru was pleased with you.
You visited 1 branch of the dungeon, and saw 6 of its levels.
You also visited: Ossuary.

You collected 430 gold pieces.
You spent 205 gold pieces at shops.

Inventory:

Hand Weapons
 a - a +1 war axe of freezing (weapon)
   (You took it off a wight on level 6 of the Dungeon)
 v - a +0 trident
   (You took it off an orc on level 3 of the Dungeon)
 B - a +2 war axe
   (You found it on level 3 of the Dungeon)
 J - a +4 flail of protection
   (You took it off an orc on level 5 of the Dungeon)
Missiles
 e - 4 boomerangs (quivered)
 o - 5 javelins
 F - 9 poisoned darts
 Q - 63 stones
Armour
 d - an orb of light (worn)
 m - a +0 plate armour (worn)
   (You found it on level 2 of the Dungeon)
 w - the +0 pair of gloves of Haubeam (worn) {rPois Regen+ rCorr Str-2}
   (You bought it in a shop on level 1 of the Dungeon)

   Str:       It affects your strength (-2).
   rPois:     It protects you from poison.
   Regen:     It increases your rate of health regeneration.
   rCorr:     It protects you from acid and corrosion.
Jewellery
 k - a ring of willpower
   (You found it on level 1 of the Dungeon)
 H - a +5 ring of evasion (right hand)
   (You found it on level 4 of the Dungeon)
 I - a +5 ring of evasion (left hand)
   (You found it on level 6 of the Dungeon)
Wands
 f - a wand of flame (40)
   (You found it on level 3 of the Dungeon)
 M - a wand of roots (3)
   (You found it on level 5 of the Dungeon)
Scrolls
 n - 2 scrolls of amnesia
 p - a scroll of fog {unknown}
 q - a scroll of poison
 r - 3 scrolls of immolation {!r}
 t - 3 scrolls of teleportation {@r4}
 u - 3 scrolls of fear
 y - a scroll of enchant armour {unknown}
 C - 3 scrolls of revelation
 D - a scroll of noise {unknown}
 E - 2 scrolls of vulnerability {unknown}
 K - a scroll of silence {unknown}
 L - a scroll of torment {unknown}
Potions
 b - 2 potions of degeneration {unknown}
 c - a potion of ambrosia
 g - 2 potions of magic
 h - 3 potions of invisibility {unknown}
 i - 3 potions of might {unknown}
 j - 2 potions of attraction {!q}
 l - 2 potions of heal wounds {unknown}
 s - 3 potions of curing {unknown}
 x - a potion of experience {unknown}
 z - 2 potions of brilliance {unknown}
 A - 2 potions of mutation {unknown}
 G - a potion of haste {unknown}


   Skills:
 + Level 7.4(12.4) Fighting
 * Level 9.8(14.8) Axes
 - Level 3.2(8.2) Dodging
 * Level 6.8(11.8) Stealth


You had 8 spell levels left.
You didn't know any spells.
Your spell library contained the following spells:

 Spells                   Type           Power      Damage    Failure   Level
 Necrotise                Necr           0%         1d4       100%        1
 Sandblast                Erth           0%         2d4       100%        1
 Passwall                 Tmut/Erth      0%         N/A       100%        2
 Stone Arrow              Conj/Erth      0%         3d7       100%        3
 Vampiric Draining        Necr           0%         2d6       100%        3
 Agony                    Necr           0%         N/A       100%        5
 Iskenderun's Battlesphe  Conj           0%         2d6       100%        5
 Leda's Unmaking          Conj/Erth      0%         9d1       100%        6
 Spellforged Servitor     Conj/Summ      Unusable   N/A       N/A         7

Dungeon Overview and Level Annotations

Branches:
Dungeon (6/15) Zot: 26485  Temple (0/1) D:6         Ossuary (visited)

Altars:
Fedhas
Okawaru
Trog
Wu Jian
Xom

Shops:
D:1 [   D:3 [


Innate Abilities, Weirdness & Mutations

You have a pair of horns on your head.
You reflexively headbutt those who attack you in melee.


Message History

Okawaru will no longer gift you throwing weapons.
You hit the boulder beetle. You freeze the boulder beetle.
You headbutt the boulder beetle, but do no damage.
The boulder beetle hits you!!
The boulder beetle stops rolling and uncurls.
You hit the boulder beetle. You freeze the boulder beetle.
You headbutt the boulder beetle, but do no damage.
The boulder beetle bites you!
* * * LOW HITPOINT WARNING * * *
You hit the boulder beetle but do no damage.
The boulder beetle barely misses you.
You hit the boulder beetle. You freeze the boulder beetle.
You headbutt the boulder beetle, but do no damage.
You hit the boulder beetle. You freeze the boulder beetle.
The boulder beetle bites you!
* * * LOW HITPOINT WARNING * * *
You hit the boulder beetle but do no damage.
The boulder beetle closely misses you.
You hit the boulder beetle but do no damage.
The boulder beetle barely misses you.
You hit the boulder beetle but do no damage.
You headbutt the boulder beetle, but do no damage.
The boulder beetle bites you!
* * * LOW HITPOINT WARNING * * *
You hit the boulder beetle but do no damage.
You headbutt the boulder beetle! You completely miss the boulder beetle.
The boulder beetle barely misses you. You furiously retaliate!
You headbutt the boulder beetle.
You hit the boulder beetle but do no damage.
You headbutt the boulder beetle, but do no damage.
The boulder beetle leaps!
You feel like a meek peon again.
The boulder beetle curls into a ball and begins rolling!
You see here a +0 robe.
Aiming: Fastroot
Press: ? - help, Shift-Dir - straight line, f - boulder beetle
Aim: a boulder beetle (heavily wounded, rolling, haloed)
The roots erupt in riotous growth!
Roots grab the boulder beetle.
The grasping roots constrict the boulder beetle, but do no damage.
You hear a shout!
The boulder beetle escapes!
The boulder beetle hits you!
* * * LOW HITPOINT WARNING * * *
The boulder beetle stops rolling and uncurls.
You gain the combat prowess of a mighty hero.
The boulder beetle closely misses you.
You slash the boulder beetle! You freeze the boulder beetle.
You headbutt the boulder beetle, but do no damage.
The boulder beetle bites you!
You die...

#....#.# #..##
#...... #..#...#
..## #.[....
#..##..#..##
#......
#........#
###....
####.##.#.##
#....
........########
###.#
####...........#
#.# #.##.####.#.#
#.# #....# #.#@#
#.# #..#.# #B#B#
#.# #..#.# #.#[#
#.# #.<#.####.#.#
#.# #..#....#.#.#
#.# #..#.##.#...#
#.# ...#.##.#○###
#.#
#.##.##.#B#######
#.##)#.#.....#


You could see a boulder beetle.

Vanquished Creatures
  Eustachio (D:5)
  A water moccasin (D:5)
  A hornet zombie (Ossuary)
  A black bear (D:5)
  An ogre (D:5)
  2 wyvern zombies (Ossuary)
  2 scorpions (D:5)
  2 water moccasin zombies (Ossuary)
  4 wights (D:6)
  A howler monkey (D:5)
  3 bullfrog zombies (Ossuary)
  5 centaur zombies (Ossuary)
  A jelly (D:5)
  4 hounds
  An orc priest (D:5)
  A gnoll bouda (D:5)
  A sleepcap (D:6)
  An iguana (D:5)
  An orc wizard (D:3)
  3 killer bee zombies (Ossuary)
  11 mummies (Ossuary)
  A howler monkey zombie (Ossuary)
  6 adders
  3 gnolls (D:5)
  A shadow imp (D:6)
  A white imp (D:6)
  3 worms
  4 dart slugs
  9 orcs
  6 ball pythons
  5 endoplasms
  2 giant cockroaches (D:1)
  8 goblins
  11 hobgoblins
  2 jackals (D:2)
  10 kobolds
  6 quokkas
  4 bats
  5 frilled lizards
  6 rats
141 creatures vanquished.

Notes
Turn   | Place    | Note
-------+----------+-------------------------------------------
     0 | D:1      | Pooter the Minotaur Monk began the quest for the Orb.
     0 | D:1      | Reached XP level 1. HP: 19/19 MP: 0/0
   218 | D:1      | Reached XP level 2. HP: 27/27 MP: 1/1
   256 | D:1      | Reached skill level 4 in Axes
   340 | D:1      | Reached skill level 1 in Stealth
   697 | D:1      | Found Ingewk's Armour Emporium.
   869 | D:2      | Reached XP level 3. HP: 16/33 MP: 2/2
  1727 | D:2      | Reached XP level 4. HP: 40/40 MP: 3/3
  2040 | D:3      | Found a large runed translucent door.
  2040 | D:3      | Found a large runed translucent door.
  2041 | D:3      | Found a shimmering altar of Xom.
  2231 | D:3      | Found Qutz's Armour Shoppe.
  2540 | D:3      | Reached skill level 5 in Axes
  2898 | D:3      | Reached XP level 5. HP: 47/47 MP: 4/4
  2913 | D:3      | Found a faded altar of an unknown god.
  2913 | D:3      | Found a bloodstained altar of Trog.
  2919 | D:3      | Found an ornate altar of the Wu Jian Council.
  3013 | D:1      | Bought the +0 pair of gloves of Haubeam {rPois Regen+ rCorr
                  | Str-2} for 205 gold pieces
  3098 | D:3      | Found an iron altar of Okawaru.
  3100 | D:3      | Found a blossoming altar of Fedhas.
  3104 | D:3      | Became a worshipper of Warmaster Okawaru
  3104 | D:3      | Reached * piety under Okawaru
  3104 | D:3      | Reached ** piety under Okawaru
  3453 | D:4      | Found a sand-covered staircase.
  3458 | Ossuary  | Entered an ossuary
  3480 | Ossuary  | Reached XP level 6. HP: 35/55 MP: 2/5
  3489 | Ossuary  | Reached skill level 6 in Axes
  3513 | Ossuary  | Reached skill level 5 in Fighting
  3559 | Ossuary  | Reached XP level 7. HP: 54/61 MP: 3/6
  3613 | Ossuary  | Reached skill level 7 in Axes
  3692 | Ossuary  | Reached skill level 5 in Stealth
  3785 | Ossuary  | Reached skill level 8 in Axes
  3785 | Ossuary  | Reached XP level 8. HP: 29/70 MP: 4/7
  4207 | D:5      | Entered Level 5 of the Dungeon
  4396 | D:5      | Reached *** piety under Okawaru
  4565 | D:5      | Reached skill level 9 in Axes
  4728 | D:5      | Noticed Eustachio
  4771 | D:5      | Killed Eustachio
  5077 | D:6      | Reached XP level 9. HP: 78/79 MP: 6/8
  5447 | D:6      | Found a staircase to the Ecumenical Temple.
  5488 | D:6      | Noticed a boulder beetle
  5526 | D:6      | HP: 3/79 [boulder beetle (13)]
  5528 | D:6      | Slain by a boulder beetle

Illustrated notes

Levels and vault maps discovered:
D:1:      psy_arrival_fountain, layout_loops_corners, serial_shops, shop,
          minmay_misc_feat_pillars
D:2:      layout_basic, dreamdust_wishing_well, minmay_tetromino_o2
D:3:      due_chaos_kobolds, layout_loops_corners,
          chequers_temple_overflow_minitemple, serial_shops, shop
D:4:      layout_cave_pools, enter_ossuary_2
D:5:      layout_cave_pools, uniq_eustachio
D:6:      layout_loops_ring, minmay_temple_entry_arrows, minmay_microvault

Skill      XL: |  1  2  3  4  5  6  7  8 |
---------------+-------------------------+-----
Axes           | 4 5 6 8 9 |  9.8
Stealth        | 1 2 3 4 5 6 |  6.8
Fighting       | 4 5 6 7 |  7.4
Dodging        | |  3.2

Action                     |  1- 3 |  4- 6 |  7- 9 || total
---------------------------+-------+-------+-------++-------
  Melee: Hand axe          |    84 |    19 |       ||   103
         Headbutt          |    19 |    20 |    42 ||    81
         War axe           |       |    88 |   131 ||   219
         Flail             |       |       |    17 ||    17
  Throw: Javelin           |       |     3 |     3 ||     6
         Boomerang         |       |     4 |    50 ||    54
         Dart              |       |       |     2 ||     2
 Invoke: Heroism           |       |     4 |    11 ||    15
  Evoke: Wand              |       |       |     7 ||     7
    Use: Scroll            |     3 |     4 |     5 ||    12
   Stab: Sleeping          |     1 |       |       ||     1
 Armour: Robe              |    11 |       |       ||    11
         Plate armour      |       |    67 |    65 ||   132
  Dodge: Dodged            |    45 |    23 |    67 ||   135

Table legend: (Time is in decaauts)
 A = Elapsed time spent in this place.
 B = Non-inter-level travel time spent in this place.
 C = Inter-level travel time spent in this place.
 D = Time resting spent in this place.
 E = Time spent auto-exploring this place.
 F = Levels seen in this place.
 G = Mean time per level.
                   A        B        C        D        E       F      G
               +--------+--------+--------+--------+--------+-----+--------+
         Total |   5586 |   5292 |    294 |    692 |   3417 |   7 |  798.0 |
       Dungeon |   5144 |   4850 |    294 |    609 |   3271 |   6 |  857.3 |
       Ossuary |    441 |    441 |      0 |     83 |    146 |   1 |  441.0 |
               +--------+--------+--------+--------+--------+-----+--------+

Top non-repeatable levels by time:
     D:3: 1286 daAuts
     D:2: 1193 daAuts
     D:1: 874 daAuts
     D:5: 804 daAuts
     D:6: 514 daAuts
     D:4: 472 daAuts
 Ossuary: 441 daAuts
